 Dungeon Crawl Stone Soup version 0.28-a0-476-g0f06bd746f (webtiles) character file.

Game seed: 17964070595158372196

10389 robertstho the Gouger (level 11, -2/75 HPs)
             Began as a Felid Berserker on Sept 16, 2021.
             Was an Elder of Trog.
             Slain by a cane toad (7 damage)
             ... while petrified by a catoblepas
             ... on level 2 of the Lair of Beasts.
             The game lasted 00:22:13 (16532 turns).

robertstho the Gouger (Felid Berserker)            Turns: 16532, Time: 00:22:14

Health: -2/75      AC:  2    Str: 16    XL:     11   Next: 35%
Magic:  0/21       EV:  4    Int: 10    God:    Trog [****..]
Gold:   832        SH:  0    Dex: 15    Spells: 10/10 levels left
                                        Lives:  0   Deaths: 3

rFire   + . .      SeeInvis +     - Unarmed
rCold   . . .      Faith    .   (shield unavailable)
rNeg    + + +      Spirit   +   (armour unavailable)
rPois   ∞          Reflect  .   (helmet unavailable)
rElec   +          Harm     .   (cloak unavailable)
rCorr   .          Rampage  .   (gloves unavailable)
Will    ++...                   (boots unavailable)
Stlth   ..........              m - amulet of guardian spirit
HPRegen 0.22/turn               D - ring of Xurili {rElec rF+ Will+}
MPRegen 0.17/turn               F - ring of magical power

@: berserking (expiring), lethally poisoned (-2 -> -2), petrified, quick
A: very small, claws 1, fangs 3, see invisible, speed 1, shaggy fur 2, stealthy
paws, no weapons or thrown items, no armour, multi-lived
a: Renounce Religion, Berserk, Trog's Hand, Brothers in Arms


You were on level 2 of the Lair of Beasts.
You worshipped Trog.
Trog was greatly pleased with you.
You visited 2 branches of the dungeon, and saw 16 of its levels.

You collected 868 gold pieces.
You spent 36 gold pieces at shops.

Inventory:

Jewellery
 m - an amulet of guardian spirit (around neck)
 D - the ring of Xurili (left paw) {rElec rF+ Will+}
   (You found it on level 10 of the Dungeon)

   [ring of willpower]

   rF:        It protects you from fire.
   rElec:     It insulates you from electricity.
   Will:      It increases your willpower.
 F - a ring of magical power (right paw)
 G - a +4 ring of evasion
Wands
 a - a wand of paralysis (21)
 k - a wand of iceblast (2)
 w - a wand of acid (12)
 x - a wand of digging (9)
 E - a wand of polymorph (11)
Scrolls
 b - 4 scrolls of blinking {unknown}
 c - 2 scrolls of fog {unknown}
 d - 2 scrolls of magic mapping
 g - 3 scrolls of teleportation
 i - 3 scrolls of fear
 p - 3 scrolls of holy word
 u - 3 scrolls of noise {unknown}
 v - 2 scrolls of immolation {unknown}
 A - a scroll of enchant armour {unknown}
 B - a scroll of torment {unknown}
 C - a scroll of acquirement {unknown}
 I - a scroll of identify
 J - a scroll of silence {unknown}
Potions
 e - 5 potions of curing
 f - 3 potions of cancellation
 h - 4 potions of brilliance {unknown}
 j - 3 potions of magic {unknown}
 l - 3 potions of heal wounds {unknown}
 n - 3 potions of degeneration {unknown}
 o - 6 potions of flight {unknown}
 q - 3 potions of attraction {unknown}
 r - 5 potions of lignification {unknown}
 s - 4 potions of haste {unknown}
 t - 4 potions of might
 z - a potion of berserk rage
Miscellaneous
 y - a lightning rod (4/4)
 H - a tin of tremorstones (1/2)
 K - a box of beasts


   Skills:
 * Level 7.2 Fighting
 * Level 11.3 Dodging
 * Level 11.6 Stealth
 * Level 14.8 Unarmed Combat
 + Level 1.1 Evocations


You had 10 spell levels left.
You didn't know any spells.
Your spell library was empty.

Dungeon Overview and Level Annotations

Branches:
Dungeon (13/15)            Temple (0/1) D:5            Lair (3/6) D:8
    Orc (0/2) D:9
  Swamp: Lair:2-4    Shoals: Lair:2-4     Snake: Lair:2-4    Spider: Lair:2-4
 Vaults: D:13-14

Altars:
Ashenzari
Gozag
Hepliaklqana
Nemelex Xobeh
Sif Muna
Wu Jian
Xom

Shops:
D:1 *   D:4 [   D:5 [   D:8 :   D:10 (

Portals:
Trove: D:10 (show slimy rune of Zot)

Annotations:
D:9 3 runed translucent doors, zarzak's ghost, novice DgFi
D:10 1 runed translucent door, SirDiesAlot's ghost, journeyman MiFi
Lair:2 exclusion: oklob plant


Innate Abilities, Weirdness & Mutations

You have sharp claws.
You have razor-sharp teeth.
You have supernaturally acute eyesight. (SInv)
You cover ground quickly. (Speed+)
You are covered in thick fur. (AC +2)
Your paws help you pounce on unaware monsters.
You are incapable of wielding weapons or throwing items.
You cannot wear armour.
You gain extra lives every three experience levels.


Message History

A red film seems to cover your vision as you go berserk!
You feel yourself moving faster!
You feel mighty! The catoblepas completely misses you.
You claw the catoblepas! You bite the catoblepas!
The catoblepas is heavily wounded.
The catoblepas breathes a plume of calcifying dust at you.
The blast of calcifying dust hits you.
You claw the catoblepas!
The catoblepas is severely wounded.
You are engulfed in calcifying dust.
You are slowing down.
The cane toad closely misses you.
Found a stone staircase leading down.
The cane toad stings you!
You are poisoned.
The cane toad poisons you! The catoblepas gores you!
You claw the catoblepas!
You claw the catoblepas, but do no damage.
The catoblepas is almost dead.
You feel very sick. The cane toad barely misses you. The catoblepas gores you!!
Your limbs are stiffening.
You claw the catoblepas!
The catoblepas is almost dead.
You feel sick. The cane toad stings you.
You are more poisoned.
The cane toad poisons you! The catoblepas barely misses you.
You mangle the catoblepas!!
You kill the catoblepas!
Trog accepts your kill.
You feel very sick. The cane toad stings you!!
You have turned to stone.
The cane toad stings you!
* * * LOW HITPOINT WARNING * * *
The cane toad stings you!
* * * LOW HITPOINT WARNING * * *
The cane toad stings you!!
* * * LOW HITPOINT WARNING * * *
The cane toad stings you. The cane toad barely misses you.
The cane toad stings you!!
You die...

...#....................#........
... ...........#.#.............##
......P...#...+#...†.##
.....................##
.....P............[..#
###...#..............##
...$..................#
.......†.............##
>......@F.............#
.........[...........###
...........!............
#P.#.##############.#.#. ## ##
######


You could see a cane toad.

Vanquished Creatures
  Harold (D:10)
  A boulder beetle (D:11)
  2 hydras
  A catoblepas (Lair:2)
  A two-headed ogre (D:9)
  An ugly thing (D:12)
  A centaur zombie (D:10)
  A black mamba (Lair:3)
  A torpor snail (Lair:2)
  3 cane toads
  Maggie (D:10)
  A kobold demonologist (D:8)
  A rime drake (Lair:2)
  A komodo dragon (D:11)
  4 trolls
  3 blink frogs (Lair:2)
  3 shadows
  A wyvern (D:9)
  Sigmund (D:5)
  2 steam dragons
  A basilisk (D:11)
  3 yaks (Lair:2)
  4 vampire mosquitoes
  8 water moccasins
  2 orc warriors
  An ice beast (D:7)
  An ogre (D:5)
  2 black bears
  4 centaurs
  A phantom (D:4)
  4 kobold brigands
  4 bullfrogs (Lair:1)
  2 gnoll sergeants
  A water moccasin zombie (D:5)
  5 scorpions
  A wyvern skeleton (D:5)
  7 killer bees (D:9)
  A wight (D:5)
  6 howler monkeys
  A crimson imp (D:5)
  A centaur skeleton (D:7)
  A jelly (D:7)
  An orc priest (D:8)
  A bullfrog skeleton (D:6)
  2 hounds
  2 gnoll shamans
  3 iguanas
  6 orc wizards
  A hound skeleton (D:4)
  2 howler monkey zombies
  6 adders
  24 gnolls
  A shadow imp (D:5)
  2 white imps
  2 worms (D:2)
  An adder skeleton (D:3)
  2 dart slugs
  47 orcs
  9 endoplasms
  3 giant cockroaches
  7 goblins
  8 hobgoblins
  26 kobolds
  2 quokkas
  5 ball pythons
  5 bats
  2 frilled lizards
  7 rats
269 creatures vanquished.

Vanquished Creatures (collateral kills)
  A hydra (D:11)
  A two-headed ogre (D:11)
  A skeletal warrior (D:11)
  A black mamba (Lair:2)
  2 yaks (Lair:2)
  A centaur (D:11)
  2 gnoll sergeants
  4 gnolls (D:9)
13 creatures vanquished.

Vanquished Creatures (others)
  A fungus (Lair:1)
  3 plants
4 creatures vanquished.

Grand Total: 286 creatures vanquished

Notes
Turn   | Place    | Note
-------+----------+-------------------------------------------
     0 | D:1      | robertstho the Felid Berserker began the quest for the Orb.
     0 | D:1      | Reached XP level 1. HP: 10/10 MP: 2/2
    73 | D:1      | Reached XP level 2. HP: 14/14 MP: 3/3
   318 | D:1      | Found Jesuanodwi's General Store.
   768 | D:1      | Reached skill level 1 in Stealth
   850 | D:1      | Reached ** piety under Trog
  1204 | D:2      | Reached XP level 3. HP: 14/17 MP: 4/4
  1452 | D:2      | Found a faded altar of an unknown god.
  1902 | D:2      | Reached skill level 4 in Unarmed Combat
  1902 | D:2      | Reached XP level 4. HP: 20/21 MP: 5/5
  2371 | D:1      | Bought a potion of curing for 36 gold pieces
  2824 | D:3      | Reached XP level 5. HP: 25/25 MP: 6/6
  3002 | D:4      | Reached *** piety under Trog
  3306 | D:4      | Noticed a phantom
  3323 | D:4      | Killed a phantom
  3324 | D:4      | Reached skill level 5 in Dodging
  3324 | D:4      | Reached skill level 5 in Unarmed Combat
  3396 | D:4      | Gained mutation: You are covered in thick fur. (AC +2)
                  | [Felid growth]
  3396 | D:4      | Reached XP level 6. HP: 17/28 MP: 7/7
  3706 | D:4      | You fall into a shaft and drop 1 floor!
  3706 | D:5      | Entered Level 5 of the Dungeon
  4334 | D:4      | Found a broken altar of Ashenzari.
  4514 | D:4      | Found Bekhles's Antique Armour Shoppe.
  4715 | D:5      | Noticed Sigmund
  4723 | D:5      | Killed Sigmund
  4724 | D:5      | Reached skill level 6 in Unarmed Combat
  4724 | D:5      | Reached XP level 7. HP: 32/32 MP: 8/8
  4901 | D:5      | Found Kanawaqek's Antique Armour Emporium.
  5096 | D:5      | Reached skill level 5 in Stealth
  5209 | D:5      | Reached skill level 7 in Unarmed Combat
  5253 | D:5      | Slain by a wight
  5254 | D:5      | Reached XP level 6. HP: -1/26 MP: 7/7
  5474 | D:5      | Reached XP level 7. HP: 19/33 MP: 8/8
  5817 | D:5      | Found a staircase to the Ecumenical Temple.
  5955 | D:5      | HP: 1/46 [wight (2)]
  6551 | D:6      | Found a hazy altar of Hepliaklqana.
  6672 | D:6      | Reached skill level 8 in Unarmed Combat
  6860 | D:6      | Found an ornate altar of the Wu Jian Council.
  7289 | D:7      | Reached XP level 8. HP: 36/36 MP: 5/9
  7501 | D:7      | Reached skill level 5 in Fighting
  7501 | D:7      | Reached skill level 9 in Unarmed Combat
  8162 | D:7      | Reached **** piety under Trog
  8881 | D:8      | Found Isa Iguoge's Book Shop.
  8902 | D:8      | Reached XP level 9. HP: 29/40 MP: 8/10
  9075 | D:8      | Noticed a troll
  9091 | D:8      | Killed a troll
  9092 | D:8      | Reached skill level 10 in Unarmed Combat
  9262 | D:8      | Found a sparkling altar of Nemelex Xobeh.
  9262 | D:8      | Found a shimmering blue altar of Sif Muna.
  9565 | D:8      | Found a staircase to the Lair.
  9574 | D:8      | Noticed a troll
  9579 | D:8      | Killed a troll
  9757 | D:8      | Noticed a kobold demonologist
  9769 | D:8      | Killed a kobold demonologist
  9869 | D:8      | Found an opulent altar of Gozag.
 10240 | D:9      | Reached skill level 11 in Unarmed Combat
 10585 | D:9      | HP: 2/61 [poisoned by a gnoll sergeant]
 10587 | D:9      | Succumbed to a gnoll sergeant's poison
 10588 | D:9      | Reached XP level 8. HP: -1/57 MP: 2/9
 10745 | D:9      | Found a staircase to the Orcish Mines.
 10753 | D:9      | Reached ***** piety under Trog
 10754 | D:9      | Reached XP level 9. HP: 41/41 MP: 10/10
 10854 | D:9      | Noticed a two-headed ogre
 10861 | D:9      | Killed a two-headed ogre
 11410 | D:9      | Found a runed translucent gate.
 11410 | D:9      | Found a runed translucent gate.
 11410 | D:9      | Found a runed translucent gate.
 11411 | D:9      | Noticed zarzak's ghost (novice DgFi)
 11480 | D:9      | HP: 2/61 [steam dragon] (4)]
 12163 | D:10     | Entered Level 10 of the Dungeon
 12171 | D:10     | Noticed a troll
 12185 | D:10     | Killed a troll
 12186 | D:10     | Reached skill level 12 in Unarmed Combat
 12423 | D:10     | Noticed Maggie
 12426 | D:10     | Killed Maggie
 12498 | D:10     | Noticed a troll
 12505 | D:10     | Killed a troll
 12506 | D:10     | Reached XP level 10. HP: 45/45 MP: 11/11
 12649 | D:10     | Found Idainoag's Weapon Shoppe.
 12747 | D:10     | Identified the ring of Xurili {rElec rF+ Will+}
 12802 | D:10     | Found a portal to a secret trove of treasure.
 12861 | D:10     | Noticed Harold
 12862 | D:10     | Found a runed translucent door.
 12876 | D:10     | Killed Harold
 12877 | D:10     | Found a shimmering altar of Xom.
 12877 | D:10     | Noticed SirDiesAlot's ghost (journeyman MiFi)
 12877 | D:10     | Noticed a +1 broad axe of chaos
 13066 | D:11     | Noticed a two-headed ogre
 13066 | D:11     | Noticed a skeletal warrior
 13067 | D:11     | Noticed a six-headed hydra
 13081 | D:11     | Killed a skeletal warrior
 13085 | D:11     | Killed a two-headed ogre
 13091 | D:11     | Killed a six-headed hydra
 13092 | D:11     | Reached skill level 10 in Dodging
 13092 | D:11     | Reached skill level 10 in Stealth
 13092 | D:11     | Reached skill level 13 in Unarmed Combat
 13400 | D:11     | Noticed a boulder beetle
 13413 | D:11     | You fall into a shaft and drop 2 floors!
 13545 | D:12     | Reached XP level 11. HP: 27/49 MP: 6/12
 13722 | D:12     | Noticed a white ugly thing
 13732 | D:12     | Killed a white ugly thing
 14170 | D:11     | Killed a boulder beetle
 14302 | Lair:1   | Entered Level 1 of the Lair of Beasts
 14390 | Lair:1   | Noticed an eight-headed hydra
 14399 | Lair:1   | Killed an eight-headed hydra
 14591 | Lair:1   | Killed themself with a badly aimed burst of rock shards
 14592 | Lair:1   | Reached XP level 10. HP: 2/46 MP: 0/20
 14592 | Lair:1   | Reached skill level 1 in Evocations
 14756 | Lair:1   | Noticed a cane toad
 14767 | Lair:1   | Killed a cane toad
 14768 | Lair:1   | Reached skill level 14 in Unarmed Combat
 15500 | Lair:2   | Noticed a cane toad
 15507 | Lair:2   | Killed a cane toad
 15512 | Lair:2   | Noticed an oklob plant
 15513 | Lair:2   | Noticed an eight-headed hydra
 15540 | Lair:2   | Noticed a torpor snail
 15564 | Lair:2   | Killed a torpor snail
 15578 | Lair:2   | Noticed a black mamba
 15582 | Lair:2   | Killed a black mamba
 15583 | Lair:2   | Reached XP level 11. HP: 15/50 MP: 8/12
 15588 | Lair:2   | Killed an eight-headed hydra
 16044 | Lair:2   | You fall into a shaft and drop 1 floor!
 16086 | Lair:3   | Noticed an eight-headed hydra
 16127 | Lair:3   | HP: 1/75 [black mamba (3)]
 16516 | Lair:2   | Noticed a catoblepas
 16527 | Lair:2   | Killed a catoblepas
 16532 | Lair:2   | Slain by a cane toad

Illustrated notes

Levels and vault maps discovered:
D:1:      dpeg_arrival_morbid_curiosity, layout_basic, serial_shops,
          nicolae_shop_stone, st_stairs_8, hangedman_decor_opposing,
          minmay_heptomino_h4
D:2:      layout_loops_ring, ebering_ecumenical_altar_box, minmay_liquid_box,
          minmay_misc_feat_tower, minmay_randomly_rotated_circles
D:3:      layout_basic
D:4:      layout_loops_corners, nicolae_ashenzari_skybound, serial_shops, shop,
          ebering_dispersal_statue_hall, kennysheep_pointless_box,
          minmay_pentangle
D:5:      kb_forest_paths, layout_basic, lemuel_temple_firewalk_b, serial_shops,
          shop, grunt_decor_one_mirror, minmay_fire_ice_demons, uniq_sigmund
D:6:      layout_rooms, nzn_wu_jian_council_hall, general_overflow_altar
D:7:      layout_basic, dk_noncrumbling_3
D:8:      minmay_blocky_corners, layout_basic, mainiacjoe_overflow_24_doors,
          amethyst_overflow_temple_binary, hex_medium, nicolae_stop_n_shop_2,
          minmay_misc_feat_alley
D:9:      layout_loops_cross, hiddenorc1_lemuel, gammafunk_ghost_spectres
D:10:     layout_basic, ebering_ghost_xom, nicolae_trove_entry_diagonal,
          serial_shops, nicolae_lakefront_shop, uniq_harold, uniq_maggie
D:11:     layout_roguey, gauntlet_entry_generic, amcnicky_mini_pool_medium
D:12:     layout_cave_pools, serial_column_ruins, column_ruins_hut_ruined,
          column_ruins_open_tiny_water, column_ruins_columns_water,
          column_ruins_open_medium, column_ruins_open_medium,
          column_ruins_grid_1, column_ruins_corridor_dead_end,
          column_ruins_columns_T, hangedman_fish_farm
D:13:     layout_irregular_city, trog_three_pillars_becter
Lair:1:   layout_regular_city, grunt_megastairs_3
Lair:2:   layout_chaotic_city
Lair:3:   layout_regular_city, guppyfry_snake_entry_island, basic_altar,
          guppyfry_lair_drakes

Skill      XL: |  1  2  3  4  5  6  7  8  9 10 |
---------------+-------------------------------+-----
Stealth        | 1 2 3 4 6 7 9 11 | 11.6
Unarmed Combat | 4 5 6 8 9 12 14 | 14.8
Dodging        | 5 6 7 9 11 | 11.3
Fighting       | 4 5 6 7 |  7.2
Evocations     | 1 |  1.1

Action                   |  1- 3 |  4- 6 |  7- 9 | 10-12 || total
-------------------------+-------+-------+-------+-------++-------
Melee: Unarmed           |    81 |   137 |   365 |   177 ||   760
       Bite              |     5 |     8 |    37 |    20 ||    70
       Punch             |     1 |     2 |    16 |    10 ||    29
Invok: Berserk           |     2 |     6 |    17 |    11 ||    36
       Trog's Hand       |       |     1 |     5 |     4 ||    10
       Brothers in Arms  |       |       |     1 |     3 ||     4
Evoke: Wand              |       |       |       |     5 ||     5
       Tin of tremorston |       |       |       |     1 ||     1
  Use: Scroll            |       |     3 |     8 |     3 ||    14
       Potion            |       |       |     3 |       ||     3
 Stab: Sleeping          |     5 |    10 |    12 |     7 ||    34
       Distracted        |       |       |     1 |       ||     1
Armor: Skin              |     1 |     2 |    11 |     7 ||    21
Dodge: Dodged            |    73 |    70 |   306 |   153 ||   602

Table legend: (Time is in decaauts)
 A = Elapsed time spent in this place.
 B = Non-inter-level travel time spent in this place.
 C = Inter-level travel time spent in this place.
 D = Time resting spent in this place.
 E = Time spent auto-exploring this place.
 F = Levels seen in this place.
 G = Mean time per level.
                   A        B        C        D        E       F      G
               +--------+--------+--------+--------+--------+-----+--------+
         Total |  14950 |  14353 |    597 |   4095 |   8217 |  16 |  934.4 |
       Dungeon |  13066 |  12534 |    532 |   3386 |   7381 |  13 | 1005.1 |
          Lair |   1884 |   1820 |     64 |    709 |    836 |   3 |  628.0 |
               +--------+--------+--------+--------+--------+-----+--------+

Top non-repeatable levels by time:
     D:5: 1957 daAuts
     D:9: 1917 daAuts
     D:8: 1518 daAuts
     D:4: 1464 daAuts
     D:2: 1147 daAuts
     D:7: 1102 daAuts
     D:1: 1039 daAuts
     D:6: 921 daAuts
  Lair:1: 910 daAuts
  Lair:2: 893 daAuts
    D:11: 674 daAuts
    D:10: 536 daAuts
    D:12: 420 daAuts
     D:3: 356 daAuts
  Lair:3: 79 daAuts
